 Dungeon Crawl Stone Soup version 0.31-a0-986-g5e6e4ef867 (webtiles) character file.

Game seed: 15252844873333512493

252 sammy202020 the Changeling (level 6, 0/30 HPs)
             Began as a Merfolk Shapeshifter on Nov 19, 2023.
             Slain by a goblin
             ... wielding a +1 vampiric dagger
             ... led by Robin
              (1 damage)
             ... on level 4 of the Dungeon.
             The game lasted 00:03:52 (2825 turns).

sammy202020 the Changeling (Merfolk Shapeshifter)   Turns: 2825, Time: 00:03:53

Health: 0/30       AC:  5    Str: 19    XL:     6   Next: 14%
Magic:  6/6        EV: 11    Int: 12    God:
Gold:   136        SH:  0    Dex: 13    Spells: 5/5 levels left

rFire   . .          .
                       - Unarmed
rCold   . . .        (shield currently unavailable)
rNeg    . . .        g - melded +0 ring mail
rPois   .            (helmet currently unavailable)
rElec   .            (cloak currently unavailable)
rCorr   .            (gloves currently unavailable)
SInv    .            (boots currently unavailable)
Will    .....        (no amulet)
Stlth   +            (no ring)
HPRegen 0.25/turn    (no ring)
MPRegen 0.10/turn

%: no passive effects
@: snake-form
A: constrict, reduced hp, large, (nimble swimmer 2), (mertail)
a: Begin Untransformation


You were on level 4 of the Dungeon.
You were an enormous anaconda.
You visited 1 branch of the dungeon, and saw 4 of its levels.

You collected 136 gold pieces.

Inventory:

Hand Weapons
 o - a +0 sling
Missiles
 n - 8 boomerangs
Armour
 a - a +0 animal skin
 f - a +1 pair of boots
 g - a +0 ring mail (melded)
Talismans
 c - a beast talisman
 d - a flux talisman
 r - a serpent talisman (active)
Wands
 m - a wand of iceblast (3)
Scrolls
 j - 2 scrolls of teleportation {unknown}
 k - a scroll of vulnerability
 q - a scroll of immolation {unknown}
Potions
 b - 2 potions of lignification
 e - a potion of resistance
 h - a potion of curing {unknown}
 i - a potion of might
 l - 2 potions of degeneration {unknown}
 p - a potion of enlightenment
 s - a potion of invisibility {unknown}


   Skills:
 * Level 3.0 Fighting
 + Level 1.3 Armour
 * Level 3.9 Dodging
 * Level 4.4 Unarmed Combat
 * Level 5.4 Shapeshifting


You had 5 spell levels left.
You didn't know any spells.
Your spell library contained the following spells:

 Spells                   Type           Power      Damage    Failure   Level
 Foxfire                  Conj/Fire      0%         2x1d4     32%         1
 Summon Small Mammal      Summ           0%         N/A       32%         1
 Blink                    Tloc           0%         N/A       45%         2
 Lesser Beckoning         Tloc           0%         N/A       45%         2
 Momentum Strike          Conj/Tloc      0%         3d8       45%         2
 Call Canine Familiar     Summ           0%         N/A       69%         3
 Summon Guardian Golem    Hex/Summ       0%         N/A       69%         3
 Plasma Beam              Fire/Air       0%         2x1d10    100%        6
 Starburst                Conj/Fire      0%         6d3       100%        6


Dungeon Overview and Level Annotations

Branches:
Dungeon (4/15)
 Temple: D:4-7

Altars:

Shops:
D:1 :

Annotations:
D:4 Grinder


Innate Abilities, Weirdness & Mutations

You are an enormous anaconda.
You have a powerful constriction melee attack.
Your maximum health is decreased, since you lack skill for your form.
Your armour is entirely melded.
You are incapable of wielding weapons or throwing items.
((You are very nimble when in or above water. (Stealth+, EV+, Speed+++)))
((Your lower body shifts to a powerful aquatic tail in water.))


Message History

The black bear is heavily wounded.
You constrict the black bear. The black bear bites you.
The black bear claws you. The black bear barely misses you.
You release your grip on the black bear.
Grinder blinks!
You hit the black bear. You grab the black bear.
The black bear is heavily wounded.
You constrict the black bear.
The black bear bites you but does no damage.
The black bear closely misses you.
The black bear claws you but does no damage.
You lash the black bear!
You kill the black bear!
Your Fighting skill increases to level 3!
You have reached level 6!
A goblin comes into view. It is wielding a +1 vampiric dagger.
The goblin shouts!
You hear an angry hiss.
You hear a shout! x2
Grinder barely misses you.
You lash Grinder! Your grab misses Grinder.
Grinder is moderately wounded.
Grinder closely misses you.
You hit Grinder. Your grab misses Grinder.
Grinder is heavily wounded.
Grinder hits you but does no damage.
You lash Grinder! You grab Grinder.
Grinder is severely wounded.
You constrict Grinder. You hit Grinder but do no damage.
Grinder is severely wounded.
You constrict Grinder. Grinder gestures at you. Pain shoots through your body!
* * * LOW HITPOINT WARNING * * *
You completely miss Grinder.
Grinder is severely wounded.
You constrict Grinder.
Grinder blinks free!
You closely miss the goblin. You grab the goblin.
You constrict the goblin, but do no damage.
The goblin hits you with a +1 vampiric dagger.
You die...

...#................##.
.##...........#.#..##.#
. .#.........###.##.####
#.#..........####.#...#.
#..............#.##.##.
.#...........#####.#.#.#
#...5.###.....#..#.###.
...............#.##. .#
.......S...##..#..#...
.......#g#####....#
........†# #.#..#
#......#..$# ####.#
.#.....#~~≈≈≈≈ ###
#.....#...####
#.#.........
.#.#......... .##.
.......


You could see Grinder and a goblin.

Vanquished Creatures
  A black bear (D:4)
  An orc priest (D:3)
  2 orc wizards (D:3)
  A gnoll (D:1)
  An adder (D:2)
  2 worms
  3 dart slugs (D:3)
  5 orcs (D:3)
  2 endoplasms
  A giant cockroach (D:3)
  6 hobgoblins
  2 jackals (D:1)
  6 ball pythons
  6 bats
  3 frilled lizards (D:1)
  4 goblins
  6 kobolds
  A rat (D:1)
53 creatures vanquished.

Notes
Turn   | Place    | Note
-------+----------+-------------------------------------------
     0 | D:1      | sammy202020 the Merfolk Shapeshifter began the quest for
                  | the Orb.
     0 | D:1      | Reached XP level 1. HP: 15/15 MP: 1/1
    48 | D:1      | Reached XP level 2. HP: 20/21 MP: 2/2
   353 | D:1      | Found Zisaoll's Book Boutique.
   514 | D:1      | Reached XP level 3. HP: 27/27 MP: 3/3
  1695 | D:2      | Found a faded altar of an unknown god.
  1874 | D:3      | Reached XP level 4. HP: 22/33 MP: 4/4
  2253 | D:3      | Reached skill level 1 in Armour
  2260 | D:3      | Reached skill level 5 in Shapeshifting
  2260 | D:3      | Reached XP level 5. HP: 30/39 MP: 5/5
  2811 | D:4      | Noticed a black bear
  2811 | D:4      | Noticed Grinder
  2818 | D:4      | Killed a black bear
  2819 | D:4      | Reached XP level 6. HP: 11/47 MP: 6/6
  2823 | D:4      | HP: 1/30 [Grinder/nerve-wracking pain (11)]
  2825 | D:4      | Slain by a goblin

Illustrated notes

Levels and vault maps discovered:
D:1:      dpeg_arrival_signposts, layout_rooms, serial_shops, shop,
          serial_bayou, serial_bayou_crossing, serial_bayou_ford_a,
          serial_bayou_lagoon_a, serial_bayou_pond_c,
          hangedman_decor_diamond_cutter
D:2:      layout_basic, ebering_ecumenical_altar_mist,
          chequers_serial_rivers_large_a
D:3:      layout_basic
D:4:      layout_cave_pools, hangedman_abyss_or_decor_stagger,
          minmay_misc_feat_secret_circle, grunt_decor_clamped,
          chequers_serial_rivers_micro_b, uniq_robin, uniq_grinder

Skill      XL: |  1  2  3  4  5 |
---------------+----------------+-----
Dodging        | 3 |  3.9
Fighting       | 2 3 |  3.0
Armour         | 1 |  1.3
Unarmed Combat | 4 |  4.4
Shapeshifting  | 5 |  5.4

Action                     |  1- 3 |  4- 6 || total
---------------------------+-------+-------++-------
  Melee: Unarmed           |    90 |    74 ||   164
         Tailslap          |     1 |       ||     1
         Punch             |       |     1 ||     1
         Constrict         |       |     4 ||     4
    Use: Scroll            |     6 |       ||     6
 Armour: Animal skin       |     7 |       ||     7
         Leather armour    |    11 |       ||    11
         Ring mail         |    27 |    30 ||    57
         Skin              |       |     7 ||     7
  Dodge: Dodged            |    43 |    25 ||    68
   Form: Anaconda          |       |     1 ||     1

Table legend: (Time is in decaauts)
 A = Elapsed time spent in this place.
 B = Non-inter-level travel time spent in this place.
 C = Inter-level travel time spent in this place.
 D = Time resting spent in this place.
 E = Time spent auto-exploring this place.
 F = Levels seen in this place.
 G = Mean time per level.
                   A        B        C        D        E       F      G
               +--------+--------+--------+--------+--------+-----+--------+
         Total |   2765 |   2765 |      0 |    100 |   2110 |   4 |  691.2 |
       Dungeon |   2765 |   2765 |      0 |    100 |   2110 |   4 |  691.2 |
               +--------+--------+--------+--------+--------+-----+--------+

Top non-repeatable levels by time:
     D:2: 946 daAuts
     D:3: 882 daAuts
     D:1: 848 daAuts
     D:4: 88 daAuts
